 Dungeon Crawl Stone Soup version 0.23.2-1-ga50397a (webtiles) character file.

Game seed: 18308396482750618730

1156 MovingMist the Cudgeler (level 8, -9/50 HPs)
             Began as a Gargoyle Fighter on Apr 17, 2019.
             Mangled by Crazy Yiuf
             ... wielding a +4 quarterstaff of chaos
              (19 damage)
             ... on level 5 of the Dungeon.
             The game lasted 00:11:58 (3815 turns).

MovingMist the Cudgeler (Gargoyle Fighter)          Turns: 3815, Time: 00:11:59

Health: -9/50      AC: 16    Str: 19    XL:     8   Next: 39%
Magic:  8/8        EV: 15    Int: 10    God:
Gold:   291        SH:  0    Dex: 11    Spells: 7/7 levels left

rFire    . . .     SeeInvis .   g - +3 dire flail (crush)
rCold    . . .     Gourm    .   (shield currently unavailable)
rNeg     + . .     Faith    .   x - +0 chain mail
rPois    ∞         Spirit   .   q - +0 helmet
rElec    +         Reflect  .   (no cloak)
rCorr    .         Harm     .   (no gloves)
MR       .....                  (no boots)
Stlth    ..........             (no amulet)
HPRegen  0.16/turn              m - +6 ring of evasion
MPRegen  0.11/turn              (no ring)

@: no status effects
A: negative energy resistance 1, electricity resistance, unbreathing,
petrification resistance, rot immunity, AC +5
a: no special abilities


You were on level 5 of the Dungeon.
You were hungry.

You visited 2 branches of the dungeon, and saw 6 of its levels.

You collected 291 gold pieces.

Inventory:

Hand Weapons
 g - a +3 dire flail of crushing (weapon)
Missiles
 b - 2 tomahawks (quivered)
Armour
 q - a +0 helmet (worn)
 x - a +0 chain mail (worn)
Jewellery
 m - a +6 ring of evasion (left hand)
Wands
 y - a wand of flame (17)
Scrolls
 e - 6 scrolls of remove curse {unknown}
 h - 2 scrolls of fog {unknown}
 i - 5 scrolls of enchant weapon {unknown}
 j - 7 scrolls of teleportation
 l - 2 scrolls of enchant armour {unknown}
 r - a scroll of amnesia {unknown}
 s - a scroll of magic mapping {unknown}
 u - a scroll of identify
 w - 2 scrolls of random uselessness {unknown}
 z - a scroll of noise {unknown}
 D - a scroll of fear {unknown}
 G - a scroll of blinking {unknown}
Potions
 a - 2 potions of mutation {unknown}
 d - 2 potions of might
 k - a potion of magic {unknown}
 n - a potion of cancellation {unknown}
 o - a potion of degeneration {unknown}
 p - a potion of heal wounds {unknown}
 t - a potion of flight {unknown}
 v - a potion of curing {unknown}
 A - a potion of lignification {unknown}
 B - a potion of ambrosia {unknown}
 C - a potion of agility {unknown}
 F - a potion of resistance {unknown}
Comestibles
 f - 10 rations


   Skills:
 + Level 5.4 Fighting
 + Level 5.9 Maces & Flails
   Level 2.6 Polearms
 + Level 5.1 Armour
 * Level 3.6 Dodging
 - Level 1.0 Stealth
   Level 3.2 Shields


You had 7 spell levels left.
You didn't know any spells.
Your spell library contained the following spells:

 Spells                   Type           Power        Failure   Level  Hunger
 Summon Lightning Spire   Summ/Air       #.......     100%        4    #####..
 Silence                  Hex/Air        #.........   100%        5    ######.
 Conjure Ball Lightning   Conj/Air       #.........   100%        6    #######
 Deflect Missiles         Chrm/Air       #.........   100%        6    #######
 Tornado                  Air            #.........   100%        9    #######


Dungeon Overview and Level Annotations

Branches:
Dungeon (5/15)             Temple (1/1) D:5

Altars:
Dithmenos
Elyvilon
Fedhas
Gozag
Hepliaklqana
Kikubaaqudgha
Nemelex Xobeh
Qazlal
Ru
Wu Jian
Xom
Yredelemnul
The Shining One

Shops:
D:4 =

Annotations:
D:5 Crazy Yiuf


Innate Abilities, Weirdness & Mutations

You are resistant to torment.
Your stone body is resilient. (AC +5)
You are immune to poison.
You resist negative energy. (rN+)
You are resistant to electric shocks. (rElec)
You can survive without breathing.
You are immune to petrification.
You are immune to rotting.


Message History

Crazy Yiuf is heavily wounded.
Crazy Yiuf hits you with a +4 quarterstaff of chaos!
All of the chunks of flesh in your inventory have rotted away.
You hit Crazy Yiuf.
Crazy Yiuf is severely wounded.
Crazy Yiuf hits you with a +4 quarterstaff of chaos!
* * * LOW HITPOINT WARNING * * *
Crazy Yiuf freezes you.
* * * LOW HITPOINT WARNING * * *
Your chain mail prevents you from hitting Crazy Yiuf.
Crazy Yiuf is severely wounded.
Crazy Yiuf says, "Iron poople bush!"
Crazy Yiuf hits you but does no damage.
Your chain mail prevents you from hitting Crazy Yiuf.
Crazy Yiuf is severely wounded.
Crazy Yiuf barely misses you.
You hit Crazy Yiuf.
Crazy Yiuf is severely wounded.
Crazy Yiuf hits you but does no damage. Space warps horribly around you!!
You die...

...(###........#..#......# ♣♣.♣
...#............<....#..## ♣.♣♣
.)._....#.........)#.##..# ♣♣.♣♣
...####.##...##.........[# ♣gP.♣♣
..#..##.###...#......###.# ♣.P)P♣
##......####..###....# #.# #)..)#
..........###..##....#######....#
#..........#...##.....####g.....#
##..............@g.............##
##.....................##..#####
#....................####...#
.#.................### #...#
##......#..........######...##
###.....##........##.........##
###...#.###...............##..##
##....####......>.........###..#
......###......................#


You could see Crazy Yiuf.

Vanquished Creatures
  Edmund (D:5)
  2 ice beasts (D:5)
  An ogre (D:5)
  The ghost of Paps the Ducker, an amateur OpFi (D:3)
  4 crimson imps (D:5)
  A quasit (D:5)
  An orc priest (D:3)
  2 hounds
  Jessica (D:2)
  An iguana (D:5)
  2 orc wizards
  2 worker ants
  A hound skeleton (D:5)
  A worker ant zombie (D:5)
  Robin (D:2)
  3 gnolls (D:4)
  8 adders
  A shadow imp (D:5)
  2 adder zombies (D:5)
  4 worms
  2 dart slugs (D:1)
  4 leopard geckos
  19 orcs
  A ball python (D:2)
  4 bats
  13 giant cockroaches
  14 goblins
  9 hobgoblins
  5 jackals
  6 frilled lizards
  A jackal zombie (D:5)
  9 kobolds
  A leopard gecko skeleton (D:5)
  6 rats
134 creatures vanquished.

Notes
Turn   | Place    | Note
-------+----------+-------------------------------------------
     0 | D:1      | MovingMist the Gargoyle Fighter began the quest for the
                  | Orb.
     0 | D:1      | Reached XP level 1. HP: 14/14 MP: 1/1
    62 | D:1      | Reached XP level 2. HP: 13/19 MP: 2/2
   528 | D:1      | Reached XP level 3. HP: 23/23 MP: 3/3
   593 | D:2      | Reached skill level 1 in Dodging
   869 | D:2      | Noticed Robin
   877 | D:2      | Noticed Jessica
   879 | D:2      | Reached XP level 4. HP: 29/29 MP: 4/4
   903 | D:2      | Found a glowing golden altar of the Shining One.
  1122 | D:2      | Killed Jessica
  1137 | D:2      | Reached XP level 5. HP: 24/33 MP: 5/5
  1145 | D:2      | Killed Robin
  1984 | D:3      | Found a transporter.
  1984 | D:3      | Noticed Paps's ghost (amateur OpFi)
  1999 | D:3      | Reached skill level 1 in Stealth
  2002 | D:3      | Reached skill level 1 in Polearms
  2025 | D:3      | Found a transporter.
  2046 | D:3      | Reached XP level 6. HP: 38/38 MP: 6/6
  2513 | D:3      | Killed Paps's ghost
  2666 | D:4      | Reached XP level 7. HP: 37/44 MP: 7/7
  2900 | D:4      | Found Qeakk's Jewellery Emporium.
  2974 | D:4      | Found an ancient bone altar of Kikubaaqudgha.
  2976 | D:4      | Found a blossoming altar of Fedhas.
  3030 | D:5      | Entered Level 5 of the Dungeon
  3083 | D:5      | Found a shimmering altar of Xom.
  3198 | D:5      | Reached skill level 5 in Fighting
  3232 | D:5      | Reached skill level 5 in Maces & Flails
  3232 | D:5      | Reached skill level 5 in Armour
  3232 | D:5      | Reached XP level 8. HP: 42/49 MP: 8/8
  3278 | D:5      | Found a shimmering altar of Xom.
  3282 | D:5      | Noticed Edmund
  3305 | D:5      | Killed Edmund
  3371 | D:5      | Found a staircase to the Ecumenical Temple.
  3410 | Temple   | Entered the Ecumenical Temple
  3764 | D:5      | Found a runed translucent door.
  3765 | D:5      | Noticed Crazy Yiuf
  3815 | D:5      | Mangled by Crazy Yiuf

Skill      XL: |  1  2  3  4  5  6  7 |
---------------+----------------------+-----
Dodging        | 1 2 3 |  3.6
Maces & Flails | 3 5 |  5.9
Armour         | 4 5 |  5.1
Fighting       | 4 5 |  5.4
Stealth        | 1 |  1.0
Polearms       | 1 2 |  2.6
Shields        | |  3.2

Action                   |  1- 3 |  4- 6 |  7- 9 || total
-------------------------+-------+-------+-------++-------
Melee: Flail             |   133 |    65 |   103 ||   301
       Spear             |       |   173 |       ||   173
       Dire flail        |       |       |    45 ||    45
       Unarmed           |       |       |     4 ||     4
  Use: Scroll            |       |     3 |       ||     3
 Stab: Distracted        |       |     1 |       ||     1
  Eat: Chunk             |       |     7 |     3 ||    10
Armor: Scale mail        |   101 |    63 |       ||   164
       Chain mail        |       |    46 |    73 ||   119
Dodge: Dodged            |    55 |   110 |    91 ||   256
Block: Shield            |    91 |   119 |    41 ||   251
